 Dungeon Crawl Stone Soup version 0.30-a0-702-gdf48620a09 (webtiles) character file.

Game seed: 6863823738269821264

88 croobank the Conjurer (level 5, -7/45 HPs)
             Began as a Meteoran Reaver on Jan 22, 2023.
             Was an Initiate of Vehumet.
             Engulfed by a cloud of flame (29 damage)
             ... on level 4 of the Dungeon.
             The game lasted 00:08:24 (1194 turns).

croobank the Conjurer (Meteoran Reaver)             Turns: 1194, Time: 00:08:24

Health: -7/45      AC:  3    Str: 13    XL:     5   Next: 9%
Magic:  11/11      EV: 12    Int: 17    God:    Vehumet [......]
Gold:   71         SH:  0    Dex: 12    Spells: 10/11 levels left

rFire   . . .      SeeInvis .    c - +3 dagger
rCold   . . .      Faith    .    (no shield)
rNeg    . . .      Spirit   .    b - +0 leather armour
rPois   .          Reflect  .    (no helmet)
rElec   .          Harm     .    (no cloak)
rCorr   .          Rampage  .    (no gloves)
Will    .....                    (no boots)
Stlth   +                        (no amulet)
HPRegen 0.27/turn                (no ring)
MPRegen 0.12/turn                (no ring)

@: weak-willed, glowing
A: sense surroundings 1, otherworldly, glowing, explore regen
a: Renounce Religion


You were on level 4 of the Dungeon.
You worshipped Vehumet.
Vehumet was noncommittal.
You visited 1 branch of the dungeon, and saw 4 of its levels.

You collected 71 gold pieces.

Inventory:

Hand Weapons
 a - a +0 hand axe
 c - a +3 dagger (weapon)
Armour
 b - a +0 leather armour (worn)
Scrolls
 f - 2 scrolls of fear {unknown}
 h - 3 scrolls of magic mapping
 l - a scroll of enchant weapon {unknown}
 o - a scroll of noise {unknown}
Potions
 d - 2 potions of heal wounds {unknown}
 g - a potion of brilliance {unknown}
 i - 3 potions of curing {unknown}
 k - 2 potions of lignification {unknown}
 m - a potion of might {unknown}
 n - 3 potions of mutation {unknown}


   Skills:
 + Level 3.0 Fighting
 + Level 4.2 Axes
 + Level 3.2 Dodging
 + Level 3.5 Spellcasting
 + Level 4.3 Conjurations


You had 10 spell levels left.
You knew the following spells:

 Your Spells              Type           Power      Damage    Failure   Level
a - Kiss of Death         Conj/Necr      40%        2d8       9%          1

Your spell library contained the following spells:

 Spells                   Type           Power      Damage    Failure   Level
 Foxfire                  Conj/Fire      40%        2x1d6     9%          1
 Momentum Strike          Conj/Tloc      20%        3d8       13%         2
 Hailstorm                Conj/Ice       10%        3d5       26%         3
 Manifold Assault         Tloc           2%         N/A       91%         4
 Summon Lightning Spire   Summ/Air       2%         N/A       91%         4
 Fireball                 Conj/Fire      5%         3d5       94%         5
 Dispersal                Tloc           1%         N/A       100%        6
 Starburst                Conj/Fire      5%         6d4       100%        6
 Storm Form               Tmut/Air       1%         N/A       100%        7
 Disjunction              Tloc           1%         N/A       100%        8
 Maxwell's Capacitive Co  Air            1%         ∞         100%        8


Dungeon Overview and Level Annotations

Branches:
Dungeon (4/15) Zot: 1206
 Temple: D:4-7

Altars:
Sif Muna
Trog
Vehumet


Innate Abilities, Weirdness & Mutations

You passively map a small area around you.
You are easily found by Zot.
You glow in the dark.
You regain HP and MP as you explore.


Message History

Found 4 stones.
Found a bloodstained altar of Trog. 2 goblins come into view.
The goblin shouts! x2; You hear a shout! x2
A kobold comes into view. x2
The kobold throws a stone.
The stone hits you but does no damage.
The kobold shouts! x2
A goblin and a hobgoblin come into view.
The hobgoblin shouts!
The goblin throws a stone.
The stone hits you but does no damage.
The goblin throws a stone.
The stone closely misses you.
You see here 6 stones.
You barely miss the giant cockroach. The giant cockroach bites you.
Casting: Kiss of Death (safe; 9% risk of failure)
Confirm with . or Enter, or press ? or * to list all spells.
Okay, then.
As you read the scroll labelled CAM DANU ZUV, it crumbles to dust.
Magic quickly surges around you.
It was a scroll of vulnerability.
The kobold throws a stone.
The stone hits you but does no damage.
The goblin throws a stone.
The stone closely misses you.
The goblin throws a stone.
The stone hits you but does no damage. The giant cockroach barely misses you.
As you read the scroll labelled XEOMMA HIOPNAFI, it crumbles to dust.
You feel aware of your surroundings.
You sensed 1 altar.
It was a scroll of magic mapping.
The giant cockroach closely misses you.
The hobgoblin throws a stone.
The stone hits you but does no damage.
The goblin throws a stone.
The stone hits you.
As you read the scroll labelled ABEEME FYOSO, it crumbles to dust.
The creatures around you are filled with an inner flame!
It was a scroll of immolation.
The giant cockroach misses you.
The goblin throws a stone.
The stone hits you. The giant cockroach misses you.
Okay, then.
You barely miss the giant cockroach. The giant cockroach bites you.
The goblin throws a stone.
The stone hits you.
The goblin throws a stone.
The stone hits you but does no damage.
You hit the giant cockroach. Vehumet accepts your kill.
The giant cockroach explodes!
The fiery explosion engulfs you!!
You are engulfed in blazing flames.
Ouch! That really hurt!
You die...

**.,#..###.#......# *,* *,***,
*,*...* #.....!..#####*,***,***,
*,,,,,**#.##.#........,,,,,,,,,,
*****,,,...#....#.###.#*,*,*,***,
,,,,,,,..##.....#.#,,,,,,*,*,* *,
**,,,,,,.......KW.#,,,,,,,,,,***,
,,,,,,**###...##§##,,,,,,,,,,,,,>
**,**,** ##.###§###,,,,*,,,,****
,,,,,,,* ###g§@§g#*,,,****,*
**,**,,*****#.K≈.≈g.#,*,****,*
**,**,,,,,,,#.g≈(≈K.#,*,,,,,,*
**,**,******#.≈.(.≈.#,********
**,,>,,,,,,,##.(_..##,***********
**,,*,*******#######*,,,,,>,,,,,,
**,,*,* ##### **********,,,
**,,*,* ****,,, **,,*,* *,,,,,,


You could see a phantom (inner flame, weak-willed), a hobgoblin (inner flame,
weak-willed), 3 goblins and 3 kobolds.

Vanquished Creatures
  Jessica (D:3)
  2 worms (D:2)
  A dart slug (D:2)
  3 bats
  6 endoplasms
  3 giant cockroaches
  5 goblins
  4 hobgoblins
  5 jackals
  4 quokkas
  3 ball pythons
  7 frilled lizards
  3 kobolds
  2 rats
49 creatures vanquished.

Notes
Turn   | Place    | Note
-------+----------+-------------------------------------------
     0 | D:1      | croobank the Meteoran Reaver began the quest for the Orb.
     0 | D:1      | Reached XP level 1. HP: 17/17 MP: 5/5
    29 | D:1      | Reached XP level 2. HP: 24/24 MP: 6/6
   172 | D:1      | Reached XP level 3. HP: 28/30 MP: 8/8
   463 | D:2      | Reached XP level 4. HP: 31/37 MP: 9/9
   656 | D:3      | Found a radiant altar of Vehumet.
   709 | D:3      | Became a worshipper of Vehumet
  1051 | D:3      | Noticed Jessica
  1060 | D:3      | Killed Jessica
  1061 | D:3      | Reached XP level 5. HP: 41/45 MP: 11/11
  1062 | D:3      | Found a shimmering blue altar of Sif Muna.
  1178 | D:4      | Noticed a phantom
  1185 | D:4      | Found a bloodstained altar of Trog.
  1194 | D:4      | Engulfed by a cloud of flame

Illustrated notes

Levels and vault maps discovered:
D:1:      saegor_arrival_under_anarchy, layout_basic, minmay_misc_feat_ornament,
          feat_on_display
D:2:      layout_basic, hellmonk_ecumenical_altar_slurped_away
D:3:      layout_basic, tgw_sif, vehumet_crystals,
          amcnicky_mini_corridor_feature
D:4:      layout_loops_ring, mainiacjoe_overflow_small_starburst,
          trog_hazing_becter, uniq_crazy_yiuf_cottage

Skill      XL: |  1  2  3  4 |
---------------+-------------+-----
Spellcasting   | 3 |  3.5
Conjurations   | 4 |  4.3
Axes           | 4 |  4.2
Dodging        | 3 |  3.2
Fighting       | 3 |  3.0

Action                   |  1- 3 |  4- 6 || total
-------------------------+-------+-------++-------
Melee: Hand axe          |     4 |       ||     4
       Dagger            |    90 |    82 ||   172
       Punch             |     1 |       ||     1
  Use: Scroll            |       |     4 ||     4
Armor: Leather armour    |    40 |    45 ||    85
Dodge: Dodged            |    61 |    43 ||   104

Table legend: (Time is in decaauts)
 A = Elapsed time spent in this place.
 B = Non-inter-level travel time spent in this place.
 C = Inter-level travel time spent in this place.
 D = Time resting spent in this place.
 E = Time spent auto-exploring this place.
 F = Levels seen in this place.
 G = Mean time per level.
                   A        B        C        D        E       F      G
               +--------+--------+--------+--------+--------+-----+--------+
         Total |   1193 |   1134 |     59 |      0 |    215 |   4 |  298.2 |
       Dungeon |   1193 |   1134 |     59 |      0 |    215 |   4 |  298.2 |
               +--------+--------+--------+--------+--------+-----+--------+

Top non-repeatable levels by time:
     D:3: 501 daAuts
     D:2: 333 daAuts
     D:1: 320 daAuts
     D:4: 38 daAuts
